 Dungeon Crawl Stone Soup version 0.19-a0-1654-g9d3f708 (webtiles) character file.

24 inmateoo the Bolt Thrower (level 2, -5/23 HPs)
             Began as a Demonspawn Hunter on Sept 20, 2016.
             Killed from afar by Ijyb (10 damage)
             ... with a wand of flame
             ... on level 2 of the Dungeon.
             The game lasted 00:02:20 (856 turns).

inmateoo the Bolt Thrower (Demonspawn Hunter)        Turns: 856, Time: 00:02:21

Health: -5/23      AC:  3    Str: 12    XL:     2   Next: 79%
Magic:  0/2        EV: 12    Int: 12    God:
Gold:   19         SH:  0    Dex: 13    Spells: 0 memorised, 1 level left

rFire  . . .     SeeInvis .     a - +1 hand crossbow
rCold  . . .     Gourm    .     c - +0 leather armour
rNeg   . . .     Faith    .     (no shield)
rPois  .         Spirit   +     (no helmet)
rElec  .         Dismiss  .     (no cloak)
rCorr  .         Reflect  .     (no gloves)
MR     .....     Harm     .     (no boots)
Stlth  +.........               (no amulet)
                                (no ring)
                                (no ring)

@: no status effects
A: magic shield
a: no special abilities


You were on level 2 of the Dungeon.
You were not hungry.

You visited 1 branch of the dungeon, and saw 2 of its levels.

You collected 19 gold pieces.

Inventory:

Hand Weapons
 a - a +1 hand crossbow (weapon)
 b - a +0 short sword
Missiles
 d - 18 bolts (quivered)
Armour
 c - a +0 leather armour (worn)
Jewellery
 o - a +2 amulet of reflection {unknown}
Scrolls
 j - a scroll of remove curse {unknown}
 k - a scroll of blinking {unknown}
 l - 4 scrolls of identify {unknown}
 m - a scroll of enchant weapon {unknown}
 n - a scroll of teleportation {unknown}
Potions
 e - 2 potions of flight {unknown}
 h - a potion of ambrosia {unknown}
Comestibles
 f - 2 bread rations
 g - 2 fruits
 i - 2 meat rations


   Skills:
 + Level 2.4 Fighting
 * Level 4.0 Crossbows
 + Level 2.0 Dodging
 - Level 0.8 Stealth


You had one spell level left.
You didn't know any spells.

Dungeon Overview and Level Annotations

Branches:
Dungeon (2/15)

Altars:

Annotations:
D:2 Ijyb


Innate Abilities, Weirdness & Mutations

When hurt, damage is shared between your health and your magic reserves.


Message History

a - a +1 hand crossbow (weapon)
Press: ? - help, . - travel You can't see that place. [the floor.] Unknown command.
Press: ? - help, v - describe, . - travel
Here: Ijyb, wielding a vampiric dagger and carrying a wand of flame {zapped: 1} The floor.
Unknown command.
Ijyb zaps a wand.
The puff of flame hits you!
Firing (i - inventory):
d - 19 bolts (quivered)
Press: ? - help, Shift-Dir - straight line, f - Ijyb
Aim: Ijyb, wielding a vampiric dagger and carrying a wand of flame {zapped: 2} You shoot a bolt.
The bolt hits Ijyb.
Ijyb is lightly wounded.
Ijyb zaps a wand.
The puff of flame hits you!
* * * LOW HITPOINT WARNING * * *
You are too injured to fight recklessly!
Ijyb zaps a wand.
The puff of flame hits you!
You die...

#.# #.# ### #.# #.. ##### #.#
#.# #...# #.# #.# ...... #...#
#.# #.# ...... ## #...# #.#
#.# ......
...##...###.######.#####...g..
>............@......g..#......
..##...###.###.....#(w#w....K
#...# #.###.....##.#......
#...# #.#<#.....##..g.....
#...###.#.#.....###.######
#.......#.#.....# #..
####....#.####.#####.#
................... ..
####.........##### #.#


You could see Ijyb.

Vanquished Creatures
  A dart slug (D:1)
  4 giant cockroaches (D:1)
  4 goblins (D:1)
  A hobgoblin (D:1)
  4 bats (D:1)
  3 frilled lizards
  4 kobolds (D:1)
21 creatures vanquished.

Notes
Turn   | Place    | Note
-------+----------+-------------------------------------------
     0 | D:1      | inmateoo the Demonspawn Hunter began the quest for the Orb.
     0 | D:1      | Reached XP level 1. HP: 16/16 MP: 1/1
   107 | D:1      | Gained mutation: When hurt, damage is shared between your health and your magic reserves. [demonic ancestry]
   107 | D:1      | Reached XP level 2. HP: 21/22 MP: 2/2
   383 | D:1      | Reached skill level 4 in Crossbows
   844 | D:2      | Noticed Ijyb
   856 | D:2      | Killed from afar by Ijyb

Vault maps used:
D:1:      lightli_arrival_statue_moat, minmay_misc_feat_pillars,
          minmay_misc_feat_rows
D:2:      minitemple, first_bread, uniq_iyjb, uniq_terence

Skill      XL: |  1  2 |
---------------+-------+-----
Crossbows      | 4 |  4.0
Dodging        | 2 |  2.0
Fighting       | |  2.4
Stealth        | |  0.8

Action                   || total
-------------------------++-------
Melee: Short sword       ||    68
 Fire: Hand crossbow     ||     5
 Stab: Sleeping          ||     2
Armor: Leather armour    ||    22
Dodge: Dodged            ||    58
